 Dungeon Crawl Stone Soup version 0.30-a0-160-gcfceee88d3 (webtiles) character file.

Game seed: 17829354113064581696

49 qw the Shield-Bearer (level 3, -2/23 HPs)
             Began as a Gargoyle Fighter on Sept 27, 2022.
             Slain by an orc
             ... wielding a +0 whip
              (4 damage)
             ... on level 2 of the Dungeon.
             The game lasted 00:00:23 (1286 turns).

qw the Shield-Bearer (Gargoyle Fighter)             Turns: 1286, Time: 00:00:23

Health: -2/23      AC: 11    Str: 21    XL:     3   Next: 75%
Magic:  3/3        EV:  9    Int:  8    God:
Gold:   17         SH:  4    Dex:  9    Spells: 2/2 levels left

rFire   . . .      SeeInvis .    Y - +0 war axe (drain)
rCold   . . .      Faith    .    c - +0 buckler
rNeg    + . .      Spirit   .    b - +0 scale mail
rPois   inf        Reflect  .    (no helmet)
rElec   +          Harm     .    e - +0 cloak
rCorr   .          Rampage  .    (no gloves)
Will    +....      Clarity  +    (no boots)
Stlth   ..........               (no amulet)
HPRegen 0.07/turn                (no ring)
MPRegen 0.08/turn                (no ring)

@: no status effects
A: sickness immunity, AC +3, negative energy resistance 1, electricity
resistance, torment resistance 1, petrification resistance, clarity,
strong-willed 1, evolution 1
a: no special abilities


You were on level 2 of the Dungeon.
You visited 1 branch of the dungeon, and saw 2 of its levels.

You collected 55 gold pieces.
You spent 38 gold pieces at shops.


Innate Abilities, Weirdness & Mutations

You are immune to sickness and miasma.
Your stone body is resilient. (AC +3)
You are immune to poison.
You resist negative energy. (rN+)
You are resistant to electric shocks. (rElec)
You are resistant to unholy torment.
You are immune to petrification.
You possess an exceptional clarity of mind.
You are strong-willed. (Will+)
You have hidden genetic potential.


   Skills:
 - Level 3.2 Fighting
 + Level 3.0 Axes
 - Level 1.6 Throwing
 - Level 3.2 Armour
 - Level 3.2 Shields


You had 2 spell levels left.
You didn't know any spells.
Your spell library was empty.

Inventory:

Hand Weapons
 k - a +0 whip
 Y - a +0 war axe of draining (weapon)
Missiles
 j - 5 javelins (quivered)
Armour
 a - a +1 cloak
 b - a +0 scale mail (worn)
 c - a +0 buckler (worn)
 e - a +0 cloak (worn)
 r - a +0 chain mail
Scrolls
 o - a scroll of identify {unknown}
 q - a scroll of vulnerability {unknown}
Potions
 d - a potion of might
 f - 2 potions of haste {unknown}
 g - a potion of curing {unknown}
 h - a potion of magic {unknown}
 i - a potion of mutation
 l - a potion of heal wounds {unknown}
 m - a potion of flight {unknown}
 n - a potion of lignification {unknown}
 p - a potion of degeneration {unknown}

Dungeon Overview and Level Annotations

Branches:
Dungeon (2/15)

Altars:

Shops:
D:1 *


Message History

Throw: 6 javelins
Press: ? - help, Q - select action Shift-Dir - straight line, f - kobold You throw a javelin.
The kobold shouts!
The javelin pierces through the kobold but does no damage.
You hear a shout!
The orc priest mumbles some strange prayers to Beogh against you.
Beogh smites you!
You barely miss the orc wizard.
The adder hisses angrily.
The orc wizard hits you but does no damage.
A rat comes into view.
You hit the orc wizard. You drain the orc wizard.
The orc wizard is heavily wounded.
The orc wizard barely misses you.
You slash the orc wizard!
You kill the orc wizard!
You barely miss the kobold.
The orc priest invokes the aid of Beogh against you.
Beogh smites you!
Ouch! That really hurt!
The kobold hits you but does no damage.
An endoplasm comes into view.
The kobold hits you but does no damage.
Your Throwing skill increases to level 1!
The endoplasm quivers.
You hit the orc but do no damage.
The orc is lightly wounded.
You closely miss the adder. You barely miss the kobold.
The orc hits you with a +0 whip. The kobold barely misses you.
The adder barely misses you.
You hit the orc but do no damage.
The orc is lightly wounded.
You hit the kobold.
You kill the kobold!
You hit the adder. You drain the adder. The adder bites you but does no damage.
The orc hits you but does no damage. The adder closely misses you.
The orc priest closely misses you. The orc hits you with a +0 whip.
You die...

.( ...... #).
.(.. .. ....
...J. .#.. .r###
#So.# #@o.#
#...# #
.#######.<.# .
...........# w
.....####..# .
###..####..#####
#
#............##
##............#
###########..#


You could see an orc priest, an adder (very drained), an orc, an endoplasm and a
rat.

Vanquished Creatures
  An orc wizard (D:2)
  An orc (D:2)
  3 ball pythons
  2 bats (D:1)
  An endoplasm (D:2)
  A giant cockroach (D:2)
  2 goblins (D:1)
  4 hobgoblins (D:1)
  2 kobolds
  3 quokkas (D:1)
  2 frilled lizards (D:1)
  A rat (D:1)
23 creatures vanquished.

Notes
Turn   | Place    | Note
-------+----------+-------------------------------------------
     0 | D:1      | qw the Gargoyle Fighter began the quest for the Orb.
     0 | D:1      | Reached XP level 1. HP: 14/14 MP: 1/1
     0 | D:1      | 0 ||| qw: Version: 0.2-a-10-g37ed214
     0 | D:1      | 0 ||| qw: Game counter: 618
     0 | D:1      | 0 ||| qw: Always use a shield: true
     0 | D:1      | 0 ||| qw: God list: Okawaru
     0 | D:1      | 0 ||| qw: Allow faded altars: false
     0 | D:1      | 0 ||| qw: Do Orc after D:15 true
     0 | D:1      | 0 ||| qw: Do second Lair branch before Depths: true
     0 | D:1      | 0 ||| qw: Lair rune preference: random
     0 | D:1      | 0 ||| qw: Plans: Normal, Zot:1-4, God:TSO, Crypt, Tomb,
                  | Pan, Slime:5, Hells, Abyss, Orb
     0 | D:1      | 0 ||| PLANNING D:1-11
   228 | D:1      | Reached XP level 2. HP: 18/19 MP: 2/2
   420 | D:1      | 420 ||| DROPPING +0 club.
   543 | D:1      | Found Rotzanum's Assorted Antiques.
   548 | D:1      | 548 ||| BUYING red potion (19 gold).
   548 | D:1      | Bought a red potion for 19 gold pieces
   548 | D:1      | 548 ||| BUYING ruby potion (19 gold).
   548 | D:1      | Bought a ruby potion for 19 gold pieces
   548 | D:1      | 548 ||| SHOPLISTING scroll labelled FIGERCH OREKO (22 gold,
                  | have 2).
   548 | D:1      | 548 ||| SHOPLISTING scroll labelled GUZOGREFEKH (22 gold,
                  | have 2).
  1069 | D:1      | 1069 ||| UPGRADING to +0 cloak.
  1074 | D:1      | 1074 ||| READING scroll labelled ITUOGG OTHUBAT.
  1075 | D:1      | 1075 ||| DRINKING 2 glowing pink potions.
  1075 | D:1      | Gained mutation: You have hidden genetic potential. [potion
                  | of mutation]
  1075 | D:1      | Gained mutation: You are strong-willed. (Will+) [potion of
                  | mutation]
  1075 | D:1      | Gained mutation: You possess an exceptional clarity of
                  | mind. [potion of mutation]
  1119 | D:2      | 1119 ||| STAIRDANCE
  1183 | D:2      | 1183 ||| Stepping ~*~*~tactically~*~*~ (stealth).
  1188 | D:2      | Reached skill level 3 in Axes
  1251 | D:2      | 1251 ||| Stepping ~*~*~tactically~*~*~ (stealth).
  1253 | D:2      | 1253 ||| Stepping ~*~*~tactically~*~*~ (stealth).
  1257 | D:2      | Reached XP level 3. HP: 23/23 MP: 3/3
  1259 | D:2      | 1259 ||| Stepping ~*~*~tactically~*~*~ (stealth).
  1260 | D:2      | 1260 ||| Stepping ~*~*~tactically~*~*~ (stealth).
  1266 | D:2      | 1266 ||| Stepping ~*~*~tactically~*~*~ (stealth).
  1278 | D:2      | 1278 ||| Stepping ~*~*~tactically~*~*~ (hiding).
  1284 | D:2      | HP: 3/23 [orc priest/divine providence (12)]
  1285 | D:2      | Reached skill level 1 in Throwing
  1286 | D:2      | Slain by an orc

Levels and vault maps discovered:
D:1:      spicycebolla_arrival_ecumenical, layout_basic, serial_shops,
          nicolae_shop_stone, minmay_misc_feat_secret_circle,
          serial_bayou_pond_a
D:2:      layout_loops_ring, basic_altar, grunt_ministairs_3

Skill      XL: |  1  2  3 |
---------------+----------+-----
Axes           | 2 3 |  3.0
Throwing       | 1 |  1.6
Fighting       | |  3.2
Armour         | |  3.2
Shields        | |  3.2

Action                   || total
-------------------------++-------
Melee: War axe           ||    60
Throw: Javelin           ||    18
  Use: Scroll            ||     1
       Potion            ||     1
Armor: Scale mail        ||    31
Dodge: Dodged            ||    43
Block: Buckler           ||     7

Table legend:
 A = Non-vault XP
 B = Vault XP
 C = Vault XP percentage of total XP
 D = Non-vault monster count
 E = Vault monster count
 F = Vault count percentage of total count
                 A         B        C        D         E       F
            +---------+---------+-------+---------+---------+-------
      Total |      72 |       0 |   0.0 |      23 |       0 |   0.0
            +---------+---------+-------+---------+---------+-------
        D:1 |      29 |       0 |   0.0 |      17 |       0 |   0.0
        D:2 |      43 |       0 |   0.0 |       6 |       0 |   0.0
            +---------+---------+-------+---------+---------+-------
